 Dungeon Crawl Stone Soup version 0.21-a0-51-gea492e9 (webtiles) character file.

1244 kuniqs the Skirmisher (level 8, 0/42 HPs)
             Began as a Vine Stalker Fighter on June 13, 2017.
             Was a Priest of Uskayaw.
             Succumbed to an orc wizard's poison
             ... on level 5 of the Dungeon.
             The game lasted 00:05:24 (3397 turns).

kuniqs the Skirmisher (Vine Stalker Fighter)        Turns: 3397, Time: 00:05:24

Health: 0/42       AC: 11    Str: 26    XL:     8   Next: 50%
Magic:  10/10      EV: 13    Int:  8    God:    Uskayaw [***...]
Gold:   259        SH:  0    Dex: 19    Spells: 7/7 levels left

rFire    . . .     SeeInvis .   g - +2 dagger (venom)
rCold    + . .     Gourm    .   c - +0 shield
rNeg     . . .     Faith    .   s - +0 chain mail
rPois    .         Spirit   +   (helmet restricted)
rElec    .         Reflect  .   (no cloak)
rCorr    .         Harm     .   (no gloves)
MR       +....                  (no boots)
Stlth    ..........             (no amulet)
Regen    0.6/turn               x - ring of protection from cold
MPRegen  0.2/turn               (no ring)

@: confused, mighty, agile, lethally poisoned (0 -> -7), hasted, very quick
A: fangs 3, horns 1, slimy green scales 1, regeneration 1, evolution 1, magic
shield, antimagic bite, no potion heal 3, rot immunity
a: Stomp, Line Pass, Renounce Religion


You were on level 5 of the Dungeon.
You worshipped Uskayaw.
Uskayaw was noncommittal.
You were not hungry.

You visited 2 branches of the dungeon, and saw 6 of its levels.

You collected 259 gold pieces.

Inventory:

Hand Weapons
 g - a +2 dagger of venom (weapon)
 r - a +2 dagger of freezing
Armour
 c - a +0 shield (worn)
 s - a +0 chain mail (worn)
Jewellery
 x - a ring of protection from cold (left hand)
Scrolls
 h - 2 scrolls of remove curse {unknown}
 i - 2 scrolls of magic mapping {unknown}
 k - 4 scrolls of identify {@r1}
 o - a scroll of fear {unknown}
 t - 2 scrolls of enchant weapon {unknown}
 v - a scroll of amnesia {unknown}
 w - a scroll of random uselessness {unknown}
 y - a scroll of recharging {unknown}
 z - a scroll of holy word {unknown}
 A - a scroll of teleportation {unknown}
Potions
 a - 2 potions of mutation
 b - 2 potions of haste
 n - a potion of flight {unknown}
 p - a potion of curing {unknown}
 q - a potion of might
 u - a potion of cancellation {unknown}
Comestibles
 d - 3 bread rations
 e - 4 meat rations
 f - 4 fruits
 m - 2 royal jellies
 B - a chunk of flesh


   Skills:
 + Level 4.6 Fighting
 + Level 4.2 Short Blades
 + Level 4.4 Armour
 + Level 3.0 Dodging
 - Level 2.3 Stealth
 + Level 4.4 Shields
 + Level 2.1 Invocations


You had 7 spell levels left.
You didn't know any spells.

Dungeon Overview and Level Annotations

Branches:
Dungeon (5/15)             Temple (1/1) D:4

Altars:
Ashenzari
Cheibriados
Dithmenos
Elyvilon
Fedhas
Gozag
Kikubaaqudgha
Makhleb
Nemelex Xobeh
Okawaru
Qazlal
Sif Muna
Uskayaw
Xom
Yredelemnul
Zin
The Shining One


Innate Abilities, Weirdness & Mutations

You have razor-sharp teeth.
Your natural rate of healing is unusually fast.
When hurt, damage is shared between your health and your magic reserves.
Your bite disrupts and absorbs the magic of your enemies.
Potions cannot restore your health.
You are immune to rotting.
You have a pair of small horns on your head.
You are partially covered in slimy green scales. (AC +2)
You evolve.


Message History

* * * LOW HITPOINT WARNING * * *
You feel sick. The orc hits you but does no damage.
* * * LOW HITPOINT WARNING * * *
You feel sick.
Things that are here:
a dagger of venom; a robe; an orc corpse You puncture the orc!
You kill the orc!
* * * LOW HITPOINT WARNING * * *
You feel sick.
Uskayaw will force your foes to helplessly watch your dance.
It was a potion of haste.
You feel yourself speed up.
* * * LOW HITPOINT WARNING * * *
You feel sick.
It was a potion of heal wounds.
That seemed strangely inert.
* * * LOW HITPOINT WARNING * * *
You feel sick.
It was a potion of agility.
You feel agile all of a sudden.
You die...

####''#### #........#
#........#
###...≈≈...#
#$'..≈..≈..+
#.)(.≈..≈..+
#.#...≈≈...#.# .## #
#O#........#..... .#
#.#..@[....#.##.##.###
#.####)'####..........
#.###.........[......
#.....##.###.##.#..#
#####.##.###.##.#..#
#.##.....o.....##.
#.##....o.....)...
#.##.#...o....o...
#.##.....####.###.


There were no monsters in sight!

Vanquished Creatures
  The ghost of zkyp the Skirmisher, an amateur OgHu (D:4)
  Menkaure (D:4)
  3 ogres
  Blork the orc (D:4)
  3 scorpions
  A centaur zombie (D:5)
  2 orc priests
  A hound (D:4)
  3 orc wizards
  A worker ant (D:4)
  4 gnolls (D:4)
  7 adders
  4 worms
  2 dart slugs (D:1)
  3 leopard geckos
  12 orcs
  8 bats
  2 giant cockroaches (D:4)
  7 goblins
  4 hobgoblins
  9 jackals
  A quokka (D:4)
  A frilled lizard (D:1)
  3 kobolds
  6 rats
90 creatures vanquished.

Notes
Turn   | Place    | Note
-------+----------+-------------------------------------------
     0 | D:1      | kuniqs the Vine Stalker Fighter began the quest for the Orb.
     0 | D:1      | Reached XP level 1. HP: 11/11 MP: 2/2
    33 | D:1      | Reached XP level 2. HP: 13/16 MP: 3/3
   791 | D:1      | Reached XP level 3. HP: 19/19 MP: 4/4
   991 | D:2      | Found a deep blue altar of Sif Muna.
  1023 | D:2      | Found a shattered altar of Ashenzari.
  1433 | D:2      | Found an opulent altar of Gozag.
  1461 | D:2      | Found a shadowy altar of Dithmenos.
  1546 | D:3      | Reached skill level 1 in Dodging
  1546 | D:3      | Gained mutation: Your natural rate of healing is unusually fast. [Vine Stalker growth]
  1546 | D:3      | Reached XP level 4. HP: 21/24 MP: 5/5
  1687 | D:3      | Reached XP level 5. HP: 24/28 MP: 6/6
  1784 | D:3      | Found a glowing silver altar of Zin.
  1784 | D:3      | Found a glowing golden altar of the Shining One.
  2150 | D:4      | Reached XP level 6. HP: 24/33 MP: 7/7
  2295 | D:4      | Reached XP level 7. HP: 37/37 MP: 8/8
  2662 | D:4      | Found a staircase to the Ecumenical Temple.
  2668 | D:4      | Noticed zkyp's ghost (amateur OgHu)
  2670 | Temple   | Entered the Ecumenical Temple
  2679 | Temple   | Became a worshipper of Uskayaw the Reveler
  2704 | D:4      | Reached * piety under Uskayaw
  2707 | D:4      | Reached ** piety under Uskayaw
  2716 | D:4      | Reached *** piety under Uskayaw
  2717 | D:4      | Killed zkyp's ghost
  2717 | D:4      | Reached skill level 1 in Stealth
  2717 | D:4      | Reached skill level 1 in Invocations
  2754 | D:4      | Noticed Blork the orc
  2765 | D:4      | Killed Blork the orc
  2836 | D:4      | Noticed Menkaure
  2847 | D:4      | Killed Menkaure
  2847 | D:4      | Gained mutation: You have razor-sharp teeth. [Vine Stalker growth]
  2847 | D:4      | Reached XP level 8. HP: 38/42 MP: 10/10
  3005 | D:5      | Entered Level 5 of the Dungeon
  3036 | D:5      | Found a snail-covered altar of Cheibriados.
  3167 | D:5      | Found a white marble altar of Elyvilon.
  3389 | D:5      | Gained mutation: You are partially covered in slimy green scales. (AC +2) [potion of mutation]
  3389 | D:5      | Gained mutation: You have a pair of small horns on your head. [potion of mutation]
  3389 | D:5      | Gained mutation: You evolve. [potion of mutation]
  3395 | D:5      | HP: 1/42 [poisoned by an orc wizard]
  3397 | D:5      | Succumbed to an orc wizard's poison

Vault maps used:
D:1:      dpeg_arrival_houses_and_road, corner_web_ring,
          minmay_misc_feat_nine_boxes
D:2:      grunt_gozag_breadcrumbs, overflow_temple_1_default,
          nicolae_ashenzari_panopticon, marbit_many_paths
D:3:      gammafunk_temple_overflow_statue
D:4:      temple_doors_e, uniq_blork_the_orc, uniq_menkaure
D:5:      kennysheep_mini_moat, basic_altar, first_bread,
          kennysheep_generic_room_7
Temple:   cyrus_circular_temple

Skill      XL: |  1  2  3  4  5  6  7  8 |
---------------+-------------------------+-----
Short Blades   | 2 3 4 |  4.2
Fighting       | 3 4 |  4.6
Dodging        | 1 2 3 |  3.0
Shields        | 3 4 |  4.4
Armour         | 3 4 |  4.4
Stealth        | 2 |  2.3
Invocations    | 1 2 |  2.1

Action                   |  1- 3 |  4- 6 |  7- 9 || total
-------------------------+-------+-------+-------++-------
Melee: Rapier            |     7 |       |       ||     7
       Dagger            |    82 |   114 |   104 ||   300
       Bite              |    18 |    32 |    38 ||    88
       Headbutt          |       |       |     1 ||     1
  Use: Scroll            |       |     1 |       ||     1
       Potion            |       |       |     5 ||     5
 Stab: Paralysed         |       |       |     2 ||     2
  Eat: Chunk             |     2 |     3 |     3 ||     8
Armor: Scale mail        |    24 |    21 |       ||    45
       Chain mail        |       |    15 |    35 ||    50
Dodge: Dodged            |    22 |    23 |    22 ||    67
Block: Shield            |    35 |    42 |    31 ||   108
